 Dungeon Crawl Stone Soup version 0.29-a0-397-g846e4a0bbc (webtiles) character file.

Game seed: 11517748291814765367

1664 KateP the Cleaver (level 8, -1/80 HPs)
             Began as a Minotaur Fighter on May 11, 2022.
             Slain by a five-headed hydra (11 damage)
             ... on level 7 of the Dungeon.
             The game lasted 00:09:02 (3823 turns).

KateP the Cleaver (Minotaur Fighter)                Turns: 3823, Time: 00:09:03

Health: -1/80      AC:  9    Str: 25    XL:     8   Next: 69%
Magic:  7/7        EV:  6    Int:  5    God:
Gold:   294        SH: 14    Dex: 10    Spells: 7/7 levels left

rFire   . . .      SeeInvis .   s - +6 hand axe
rCold   . . .      Faith    .   o - +1 tower shield
rNeg    . . .      Spirit   .   b - +0 scale mail
rPois   .          Reflect  .   (helmet restricted)
rElec   .          Harm     .   t - +0 cloak
rCorr   .          Rampage  .   (no gloves)
Will    .....                   (no boots)
Stlth   ..........              f - amulet of regeneration
HPRegen 1.03/turn               (no ring)
MPRegen 0.10/turn               (no ring)

@: about to teleport
A: horns 2, retaliatory headbutt, robust 1, strong 1
a: no special abilities


You were on level 7 of the Dungeon.
You visited 1 branch of the dungeon, and saw 7 of its levels.
You also visited: Sewer.

You collected 294 gold pieces.

Inventory:

Hand Weapons
 s - a +6 hand axe (weapon)
Armour
 b - a +0 scale mail (worn)
 o - a +1 tower shield (worn)
 t - a +0 cloak (worn)
Jewellery
 c - an amulet of guardian spirit
 f - an amulet of regeneration (around neck)
Wands
 w - a wand of digging (3)
Scrolls
 a - a scroll of identify
 d - a scroll of magic mapping
 e - 6 scrolls of teleportation
 p - a scroll of fog
 r - a scroll of summoning
Potions
 g - a potion of curing
 i - a potion of ambrosia
 j - a potion of berserk rage {unknown}
 k - a potion of magic
 m - 2 potions of mutation
 n - a potion of attraction {unknown}
 q - a potion of brilliance


   Skills:
 + Level 7.0 Fighting
 * Level 8.9 Axes
 + Level 7.0 Armour
 + Level 6.6 Shields


You had 7 spell levels left.
You didn't know any spells.
Your spell library contained the following spells:

 Spells                   Type           Power      Damage    Failure   Level
 Blink                    Tloc           0%         N/A       100%        2
 Dazzling Flash           Conj/Hex       0%         N/A       100%        3
 Gell's Gravitas          Tloc           0%         N/A       100%        3
 Ignite Poison            Fire/Tmut/Pois 0%         N/A       100%        3
 Mephitic Cloud           Conj/Pois/Air  0%         N/A       100%        3
 Teleport Other           Tloc           0%         N/A       100%        3
 Summon Ice Beast         Ice/Summ       0%         N/A       100%        4
 Agony                    Necr           0%         N/A       100%        5
 Freezing Cloud           Conj/Ice/Air   0%         6-21      100%        5
 Manifold Assault         Tloc           0%         N/A       100%        5
 Silence                  Hex/Air        0%         N/A       100%        5
 Summon Mana Viper        Hex/Summ       0%         N/A       100%        5
 Dispersal                Tloc           0%         N/A       100%        6
 Monstrous Menagerie      Summ           0%         N/A       100%        7
 Storm Form               Tmut/Air       0%         N/A       100%        7


Dungeon Overview and Level Annotations

Branches:
Dungeon (8/15)              Sewer (visited)
 Temple: D:4-7         Lair: D:8-11

Altars:
Hepliaklqana
Vehumet

Annotations:
D:4 Eustachio, Sigmund


Innate Abilities, Weirdness & Mutations

You have a pair of horns on your head.
You reflexively headbutt those who attack you in melee.
You are robust. (+10% HP)
Your muscles are strong. (Str +2)


Message History

The four-headed hydra bites you. The four-headed hydra bites you!
You block the four-headed hydra's attack.
The four-headed hydra bites you!
You hack one of the four-headed hydra's heads off!
The three-headed hydra grows two more!
You slash the five-headed hydra! You headbutt the five-headed hydra!
The five-headed hydra is moderately wounded.
The five-headed hydra bites you.
You block the five-headed hydra's attack. x2
The five-headed hydra bites you.
You block the five-headed hydra's attack.
The five-headed hydra barely misses you.
The five-headed hydra bites you.
The five-headed hydra closely misses you.
You block the five-headed hydra's attack.
The five-headed hydra bites you!
* * * LOW HITPOINT WARNING * * *
You feel much better.
The orc wizard mumbles some strange words.
The orc wizard flickers and vanishes!
Deactivating autopickup; reactivate with Ctrl-A.
You block the five-headed hydra's attack.
The five-headed hydra bites you but does no damage.
The five-headed hydra bites you!
The five-headed hydra bites you but does no damage. x2
As you read the scroll of teleportation, it crumbles to dust.
You feel strangely unstable.
You block the five-headed hydra's attack.
The five-headed hydra bites you. The five-headed hydra bites you!
* * * LOW HITPOINT WARNING * * *
The five-headed hydra barely misses you. x2
The five-headed hydra attacks as you move away!
The five-headed hydra barely misses you.
The five-headed hydra bites you!
* * * LOW HITPOINT WARNING * * *
The five-headed hydra bites you.
* * * LOW HITPOINT WARNING * * *
The five-headed hydra bites you but does no damage.
The five-headed hydra bites you!
You die...

####.######...#
#.##### #.# # #.#
##>.# #.....# #.# #
#.# #..# #.###.#
#.# # #.# #..## #.#
#.# #.# # #.#
##...###.###.# #.#
# #.#
#.....##.##..###.#
# .#
#######...........#
# ≈≈≈≈
#.####.###### #
....o #@# #># #
.≈≈#.≈#D# #.# #
≈$.≈..c{# #.# #
≈.$≈..'o# #.#
#≈≈..≈### #.#
.....≈ #.# ≈≈≈≈≈≈
#.# ##### #.#


You could see a five-headed hydra, a centaur and an orc.

Vanquished Creatures
  Grinder (D:4)
  Edmund (D:3)
  Pargi (Sewer)
  A sky beast (D:7)
  An ice beast (D:7)
  An ogre (D:3)
  A phantom (D:4)
  3 bullfrogs
  A scorpion (D:7)
  5 wights (D:7)
  2 orc priests (D:7)
  A hound (D:4)
  Jessica (D:3)
  Ijyb (D:3)
  Terence (D:3)
  2 orc wizards (D:4)
  An iguana (D:4)
  Robin (D:4)
  4 adders
  2 worms (D:4)
  5 dart slugs
  13 orcs
  7 endoplasms
  6 giant cockroaches
  15 goblins
  10 hobgoblins
  7 jackals (D:4)
  8 kobolds
  5 quokkas
  8 ball pythons
  6 bats
  5 frilled lizards
  8 rats
135 creatures vanquished.

Notes
Turn   | Place    | Note
-------+----------+-------------------------------------------
     0 | D:1      | KateP the Minotaur Fighter began the quest for the Orb.
     0 | D:1      | Reached XP level 1. HP: 19/19 MP: 0/0
   231 | D:1      | Reached XP level 2. HP: 27/27 MP: 1/1
   243 | D:1      | Reached skill level 3 in Axes
   578 | D:1      | Found a faded altar of an unknown god.
   672 | D:1      | Reached XP level 3. HP: 33/33 MP: 2/2
   951 | D:2      | Reached skill level 4 in Axes
  1194 | D:2      | Reached XP level 4. HP: 40/40 MP: 3/3
  1261 | D:3      | Noticed Jessica
  1271 | D:3      | Killed Jessica
  1404 | D:3      | Noticed an ogre
  1409 | D:3      | Killed an ogre
  1410 | D:3      | Reached skill level 5 in Axes
  1410 | D:3      | Reached XP level 5. HP: 28/47 MP: 4/4
  1492 | D:3      | Found a hazy altar of Hepliaklqana.
  1613 | D:3      | Noticed Ijyb
  1624 | D:3      | Killed Ijyb
  1943 | D:3      | Noticed Terence
  1951 | D:3      | Killed Terence
  2071 | D:4      | Noticed Grinder
  2075 | D:4      | Paralysed by Grinder for 4 turns
  2082 | D:4      | Paralysed by Grinder for 4 turns
  2134 | D:4      | Paralysed by Grinder for 5 turns
  2143 | D:4      | Killed Grinder
  2144 | D:4      | Reached skill level 5 in Fighting
  2144 | D:4      | Reached skill level 6 in Axes
  2144 | D:4      | Reached skill level 5 in Armour
  2144 | D:4      | Reached XP level 6. HP: 27/56 MP: 5/5
  2175 | D:4      | Noticed Robin
  2177 | D:4      | Noticed Edmund
  2189 | D:3      | Gained mutation: You expend magic power (3 MP) to
                  | strengthen your wands. [potion of mutation]
  2189 | D:3      | Gained mutation: You have sharp toenails. [potion of
                  | mutation]
  2189 | D:3      | Gained mutation: You sometimes lose the ability to read
                  | scrolls when taking damage. [potion of mutation]
  2210 | D:3      | Killed Edmund
  2211 | D:3      | Reached skill level 5 in Shields
  2211 | D:3      | Reached XP level 7. HP: 9/61 MP: 6/6
  2213 | D:3      | Lost mutation: You sometimes lose the ability to read
                  | scrolls when taking damage. [potion of mutation]
  2213 | D:3      | Lost mutation: You expend magic power (3 MP) to strengthen
                  | your wands. [potion of mutation]
  2213 | D:3      | Lost mutation: You have sharp toenails. [potion of
                  | mutation]
  2213 | D:3      | Gained mutation: You are robust. (+10% HP) [potion of
                  | mutation]
  2213 | D:3      | Gained mutation: Your muscles are strong. (Str +2) [potion
                  | of mutation]
  2534 | D:4      | Found a glowing drain.
  2544 | Sewer    | Entered a sewer
  2662 | Sewer    | Noticed Pargi
  2675 | Sewer    | Killed Pargi
  2804 | D:4      | Killed Robin
  2815 | D:4      | Reached skill level 7 in Axes
  3215 | D:4      | Noticed Eustachio
  3215 | D:4      | Noticed Sigmund
  3261 | D:5      | Entered Level 5 of the Dungeon
  3261 | D:5      | You fall into a shaft and drop 3 floors!
  3462 | D:7      | Reached XP level 8. HP: 71/77 MP: 7/7
  3472 | D:7      | Reached skill level 8 in Axes
  3644 | D:7      | Found a radiant altar of Vehumet.
  3809 | D:7      | Noticed a four-headed hydra
  3823 | D:7      | Slain by a five-headed hydra

Illustrated notes

Levels and vault maps discovered:
D:1:      lightli_arrival_chessboard, layout_loops_corners,
          chequers_ecumenical_altar_island
D:2:      layout_rooms
D:3:      layout_loops_cross, mainiacjoe_overflow_tiny_flanked, uniq_terence,
          uniq_ijyb, uniq_jessica
D:4:      layout_layer_cave, gup_sewer_entry_bubbles, minmay_box_of_dots,
          uniq_sigmund, uniq_robin, uniq_eustachio, uniq_edmund, uniq_grinder
D:5:      layout_gridville, mainiacjoe_overflow_chevrons,
          minmay_temple_entry_arrows, ebering_ghost_sewer_d
D:7:      layout_loops_ring, nicolae_vehumet_radiance, kennysheep_generic_room_7
D:8:      nzn_winding_woodlands_cross [nzn_winding_woodlands_5x15_garden,
          nzn_winding_woodlands_5x15_crooked, nzn_winding_woodlands_5x15_cabin,
          nzn_winding_woodlands_5x15_jagged,
          nzn_winding_woodlands_15x15_killbox], layout_loops_cross,
          serial_shops, shop, minmay_strange_pillars

Skill      XL: |  1  2  3  4  5  6  7  8 |
---------------+-------------------------+-----
Axes           | 3 4 5 6 7 8 |  8.9
Fighting       | 4 5 6 7 |  7.0
Armour         | 4 5 6 7 |  7.0
Shields        | 4 5 6 |  6.6

Action                   |  1- 3 |  4- 6 |  7- 9 || total
-------------------------+-------+-------+-------++-------
Melee: War axe           |    69 |    81 |   153 ||   303
       Headbutt          |     6 |    16 |    24 ||    46
       Kick              |       |     5 |       ||     5
       Hand axe          |       |       |    34 ||    34
  Use: Potion            |       |     5 |     5 ||    10
       Scroll            |       |       |    11 ||    11
Armor: Scale mail        |    28 |    45 |   124 ||   197
Dodge: Dodged            |    25 |    27 |    53 ||   105
Block: Buckler           |    13 |       |       ||    13
       Tower shield      |     3 |    73 |   183 ||   259

Table legend: (Time is in decaauts)
 A = Elapsed time spent in this place.
 B = Non-inter-level travel time spent in this place.
 C = Inter-level travel time spent in this place.
 D = Time resting spent in this place.
 E = Time spent auto-exploring this place.
 F = Levels seen in this place.
 G = Mean time per level.
                   A        B        C        D        E       F      G
               +--------+--------+--------+--------+--------+-----+--------+
         Total |   4018 |   4018 |      0 |    253 |   2581 |   8 |  502.2 |
       Dungeon |   3849 |   3849 |      0 |    253 |   2467 |   7 |  549.9 |
         Sewer |    168 |    168 |      0 |      0 |    114 |   1 |  168.0 |
               +--------+--------+--------+--------+--------+-----+--------+

Top non-repeatable levels by time:
     D:3: 1162 daAuts
     D:1: 872 daAuts
     D:4: 809 daAuts
     D:7: 453 daAuts
     D:2: 421 daAuts
   Sewer: 168 daAuts
     D:8: 130 daAuts
